 Dungeon Crawl Stone Soup version 0.17.1-3-g152610e (webtiles) character file.

156 Gargoyl the Skirmisher (level 5, -4/42 HPs)
             Began as a Demonspawn Abyssal Knight on Feb 24, 2016.
             Was a Believer of Lugonu.
             Slain by a gnoll
             ... wielding a +0 club
              (5 damage)
             ... on level 3 of the Dungeon.
             The game lasted 00:04:38 (3033 turns).

Gargoyl the Skirmisher (Demonspawn Abyssal Knight)  Turns: 3033, Time: 00:04:38

Health: -4/42      AC:  9    Str: 13    XL:     5   Next: 14%
Magic:  16/16      EV:  9    Int: 13    God:    Lugonu [**....]
Gold:   116        SH:  0    Dex: 13    Spells: 0 memorised, 4 levels left

rFire  . . .     SeeInvis .     a - +1 hand axe
rCold  + . .     Clarity  .     j - +0 scale mail
rNeg   . . .     SustAt   .     (no shield)
rPois  .         Gourm    .     (no helmet)
rElec  .         Spirit   .     (no cloak)
rCorr  .         Warding  .     m - +2 pair of gloves
rMut   .         Stasis   .     (no boots)
MR     .....                    (no amulet)
Stlth  ..........               (no ring)
                                f - ring of magical power

@: drained, invisible, not resistant to hostile enchantments, extremely
unstealthy
A: talons 1, cold resistance 1
a: Depart the Abyss, Bend Space, Renounce Religion


You were on level 3 of the Dungeon.
You worshipped Lugonu.
Lugonu was pleased with you.
You were not hungry.

You visited 1 branch of the dungeon, and saw 3 of its levels.
You visited the Abyss 1 time.

You collected 116 gold pieces.

Inventory:

Hand Weapons
 a - a +1 hand axe (weapon)
Armour
 j - a +0 scale mail (worn)
 m - a +2 pair of gloves (worn)
Jewellery
 f - a ring of magical power (left hand)
Wands
 k - a wand of flame (22)
Scrolls
 d - a scroll of fog {unknown}
 e - 2 scrolls of identify {unknown}
 n - a scroll of remove curse {unknown}
 p - 2 scrolls of magic mapping {unknown}
 q - a scroll of fear {unknown}
 r - a scroll of blinking {unknown}
 s - a scroll of enchant weapon {unknown}
Potions
 b - a potion of heal wounds {unknown}
 h - a potion of brilliance {unknown}
Comestibles
 c - 3 chunks of flesh
 g - 2 meat rations
 i - 4 fruits
 l - a slice of pizza
 t - a bread ration


   Skills:
 + Level 4.1(3.2) Fighting
 + Level 2.6(1.7) Axes
 + Level 2.4(1.5) Armour
 + Level 2.2(1.3) Dodging
 + Level 3.0(2.1) Invocations


You had 4 spell levels left.
You didn't know any spells.

Dungeon Overview and Level Annotations

Branches:
Dungeon (3/15)

Altars:
Elyvilon
Kikubaaqudgha
Okawaru


Innate Abilities, Weirdness & Mutations

You have sharp toenails.
Your flesh is cold resistant.


Message History

The gnoll is moderately wounded.
The gnoll hits you with a flail.
* * * LOW HITPOINT WARNING * * *
The gnoll hits you but does no damage. x2
You hit the gnoll.
The gnoll is almost dead.
Your scale mail prevents you from hitting the gnoll.
The gnoll is moderately wounded.
You hit the gnoll.
The gnoll is heavily wounded.
The gnoll hits you with a flail!
* * * LOW HITPOINT WARNING * * *
The gnoll closely misses you. The gnoll hits you with a flail.
* * * LOW HITPOINT WARNING * * *
Unknown command.
Drink which item? (? for menu, Esc to quit)
It was a potion of invisibility.
You fade into invisibility!
The gnoll barely misses you. The gnoll hits you with a club.
You die...

#............
#..##.###'#.....
#....##.#######...
.##.†.#####
#................#.
##...##...
##+###.###########.
#...##...
#.#.#........
#...++...
#...#.######## ##
#...##...
###..........# ..
#...##...
####+#'######.#.#
#...##...
#........# #@g.#
#...##...
#........#
#gg)......#...#####
#........#
#.........
#....†..##
#.........
#.......#
#...%.....
#.......#
#.........
#.....†.#
#.........
#.......#
#.........
#.......#


You could see 3 gnolls.

Vanquished Creatures
  A vampire bat (D:2)
  A gnoll (D:3)
  3 adders (D:2)
  An ooze (D:1)
  4 worms
  A giant gecko (D:1)
  2 orcs (D:3)
  11 bats
  2 bat skeletons (D:2)
  3 bat zombies (D:2)
  3 giant cockroaches
  5 goblins
  8 hobgoblins
  4 jackals (D:3)
  4 ball pythons
  7 giant newts
  4 kobolds
  5 rats
69 creatures vanquished.

Notes
Turn   | Place    | Note
--------------------------------------------------------------
     0 | Abyss:1  | Gargoyl the Demonspawn Abyssal Knight began the quest for the Orb.
     0 | Abyss:1  | Reached XP level 1. HP: 18/18 MP: 2/2
    81 | Abyss:1  | Noticed a raiju
    82 | D:1      | Escaped the Abyss
   575 | D:1      | Gained mutation: Your flesh is cold resistant. [demonic ancestry]
   575 | D:1      | Reached XP level 2. HP: 6/24 MP: 3/3
   582 | D:1      | Reached * piety under Lugonu
   908 | D:1      | Reached skill level 1 in Dodging
  1298 | D:1      | Reached XP level 3. HP: 25/30 MP: 5/5
  1823 | D:2      | Found an iron altar of Okawaru.
  2211 | D:2      | Reached ** piety under Lugonu
  2233 | D:2      | Found an ancient bone altar of Kikubaaqudgha.
  2251 | D:2      | Reached skill level 4 in Fighting
  2251 | D:2      | Gained mutation: You have sharp toenails. [demonic ancestry]
  2251 | D:2      | Reached XP level 4. HP: 33/37 MP: 6/6
  2763 | D:3      | Found a white marble altar of Elyvilon.
  2902 | D:3      | Reached XP level 5. HP: 37/42 MP: 7/7
  3032 | D:3      | HP: 1/42 [gnoll/flail (2)]
  3033 | D:3      | Slain by a gnoll

Action                   |  1- 3 |  4- 6 || total
-------------------------+-------+-------++-------
Melee: Hand axe          |   171 |    74 ||   245
Invok: Depart the Abyss  |     1 |       ||     1
  Use: Potion            |       |     1 ||     1
  Eat: Chunk             |     4 |     2 ||     6
       Bread ration      |       |     1 ||     1
